Zazza, neutral female human Wizard ---------- @ |........| ------- ----.W- |.........# |.....| |.....| |........|# `##-.....| #|.....| |........|# # |......# ###|.....| |........|#### |.....|# ---------------- ###......| -.--------## #......|# ##-...............### ----.-- # ### %-------# # |..>...........| # ## ##### # ------ ### |..............| # #### # # |....| # ---------------- --|---- # # # # ##.<...|### |......## # # ### # |....|# |.....| # # #----- ### |....|# |.....|########## # #|...| # |....-# -------# # ---|--# #....-#### |....| ##.....-# |...| ------ |..^.| ----- ------ Zazza the Conjurer Experience level: 3 Strength: 10 Dexterity: 14 Constitution: 11 Intelligence: 18 Wisdom: 15 Charisma: 8 Health: 0(23) Energy: 11(20) Def: 1 Gold: 0 Moves: 1889 Dungeon seed: CmhRjddHJ1HmDqhs Game ID: Zazza_1577304839 Your Inventory: Weapons a - a blessed +1 quarterstaff (weapon in hands) r - 11 +0 darts s - a +0 long sword t - 14 +0 darts B - a +0 axe Armor e - an uncursed +0 cloak of magic resistance (being worn) y - an uncursed +0 orcish helm Scrolls i - an uncursed scroll of remove curse j - a blessed scroll of remove curse k - an uncursed scroll of create monster q - an uncursed scroll of light Spellbooks l - a blessed spellbook of force bolt m - an uncursed spellbook of clairvoyance Potions f - 2 uncursed potions of healing g - a blessed potion of invisibility h - an uncursed potion of extra healing z - an uncursed potion of sleeping Rings c - an uncursed ring of polymorph control (on left hand) d - an uncursed ring of sustain ability Wands b - a wand of teleportation (0:7) Gems n - an uncursed worthless piece of black glass Spells and supernatural/magical abilities: Name Level Category Fail Memory a - force bolt 1 attack 0% 91% v - clairvoyance 3 divination 85% 91% W - pray for help -- divine ? -- Your skills at the end: Fighting Skills Weapon Skills quarterstaff [Basic] Spellcasting Skills attack spells [Basic] enchantment spells [Basic] Final Attributes: You were devoutly aligned. You were magic-protected. You saw invisible. You had polymorph control. You are dead. Vanquished creatures: 2 iguanas an acid blob a gas spore 3 giant rats a cave spider a yellow mold 3 geckos a jackal 2 foxes 3 kobolds 6 grid bugs a lichen 3 newts 28 creatures vanquished. Voluntary challenges: You used a wielded weapon 10 times, starting on turn 139. You were illiterate. You never genocided any monsters. You never polymorphed an object. You never changed form. You used no wishes. You never split a pudding. You never wrote Elbereth's name. You never violated your personal moral code. Dungeon overview: The Dungeons of Doom: levels 1 to 4 Level 1 an altar to Thoth, a fountain a long staircase Level 2 (gold) a weapon shop a long staircase Level 3 a fountain Level 4 <- You were here History has recorded: On T:1 you entered the Dungeons of Doom to retrieve the Amulet of Yendor! On T:490 you reached level 2 of The Dungeons of Doom. On T:523 you advanced to experience level 2. On T:1293 you reached level 3 of The Dungeons of Doom. On T:1419 you advanced to experience level 3. On T:1612 you reached level 4 of The Dungeons of Doom. Score breakdown: Gold: 0 ( 0 points) Experience: 3 levels ( 7878 points) Exploration: 4 levels ( 8.16%) ( 7500 points) Discoveries: 2 items ( 0.69%) ( 2500 points) Valuables value: (no points given unless you survive) Artifact value: 0 ( 0 points) Variety of kills: 13 monsters ( 3.41%) ( 5541 points) Turncount: 1889 turns ( 0 points) Survival: died (score multiplied by 80%) Total score: 18735 Latest messages: Zazza's ghost touches you! You miss Zazza's ghost. (3x) "Hello, Zazza! Didn't you forget to pay?" You miss Zazza's ghost. Zazza's ghost touches you! You miss Zazza's ghost. Wizard needs food, badly! You miss Zazza's ghost. (3x) Zazza's ghost touches you! "Hello, Zazza! Didn't you forget to pay?" Pakka Pakka the invisible shopkeeper doesn't like customers who don't pay. Pakka Pakka the invisible shopkeeper zaps a glass wand! Boing! You miss Zazza's ghost. Pakka Pakka the invisible shopkeeper zaps a wand of striking! Boing! Pakka Pakka the invisible shopkeeper zaps a wand of striking! Boing! You miss Zazza's ghost. Pakka Pakka the invisible shopkeeper hits! (2x) You begin praying to Thoth. Pakka Pakka the invisible shopkeeper hits! You die... Pakka Pakka takes all your possessions. Final status: Goodbye Zazza the Wizard, killed by an invisible Ms. Pakka Pakka, the shopkeeper, while praying... You died in The Dungeons of Doom on dungeon level 4 with 18735 points, and 0 pieces of gold, after 1889 moves. You were level 3 with a maximum of 23 hit points when you died.